 Dungeon Crawl Stone Soup version 0.20.1-1-g8b1a95d (webtiles) character file.

1503202 Jannitor the Sorcerer (level 27, 224/224 HPs)
             Began as a Mummy Wizard on Oct 7, 2017.
             Was an Initiate of Gozag.
             Escaped with the Orb
             ... and 3 runes on Oct 11, 2017!
             The game lasted 06:35:11 (91560 turns).

Jannitor the Sorcerer (Mummy Wizard)               Turns: 91560, Time: 06:35:12

Health: 224/224    AC: 25    Str:  9    XL:     27
Magic:  55/55      EV: 21    Int: 31    God:    Gozag
Gold:   997        SH:  8    Dex: 14    Spells: 2/73 levels left

rFire    + . .     SeeInvis +   w - +18 lance "Wyrmbane" {slay drac, rPois rF+ rC+ AC+3}
rCold    + + .     Gourm    .   N - +3 buckler {reflect}
rNeg     + + +     Faith    .   Y - +4 moon troll leather armour {Spirit, Regen++ MP+5}
rPois    ∞         Spirit   +   R - +2 hat of the Bear Spirit {Spirit, +Rage rN+ MR++}
rElec    +         Reflect  +   o - +2 cloak
rCorr    .         Harm     .   L - +2 pair of gloves of Objectivity {rF+ Dex+3}
MR       +++++                  O - +2 pair of boots {Fly}
Stlth    +.........             r - amulet of magic regeneration
Regen    1.3/turn               j - +5 ring of slaying
MPRegen  0.6/turn               l - ring of Light {rElec rN+ Str-4 Int+4 SInv}

@: flying, studying Polearms
A: no food or potions, fire vulnerability, cold resistance 1, negative energy
resistance 3, torment resistance, unbreathing, in touch with death 2
0: Orb of Zot
}: 3/15 runes: decaying, serpentine, silver
a: Potion Petition, Call Merchant, Bribe Branch, Renounce Religion, Stop Flying


You escaped.
You worshipped Gozag.
Gozag was pleased with you.
You were not hungry.

You visited 11 branches of the dungeon, and saw 53 of its levels.
You also visited: Labyrinth, Sewer, Bailey, Ice Cave and Wizlab.

You collected 43151 gold pieces.
You spent 10820 gold pieces at shops.
You paid 31334 gold pieces to Gozag.

Inventory:

Hand Weapons
 w - the +18 lance "Wyrmbane" (weapon) {slay drac, rPois rF+ rC+ AC+3}
   (You bought it in a shop on level 8 of the Dungeon)

   It affects your AC (+3).
   It protects you from fire.
   It protects you from cold.
   It protects you from poison.
Armour
 o - a +2 cloak (worn)
 L - the +2 pair of gloves of Objectivity (worn) {rF+ Dex+3}
   (You found it in a wizard's laboratory)

   It affects your dexterity (+3).
   It protects you from fire.
 N - a +3 buckler of reflection (worn)
 O - a +2 pair of boots of flying (worn)
 R - the +2 hat of the Bear Spirit (worn) {Spirit, +Rage rN+ MR++}
   (You bought it in a shop on level 4 of the Vaults)

   It protects you from negative energy.
   It affects your resistance to hostile enchantments.
   It lets you go berserk.
 Y - the +4 moon troll leather armour (worn) {Spirit, Regen++ MP+5}
   (You took it off a moon troll in a wizard's laboratory)

   It affects your magic capacity (+5).
   It increases your rate of regeneration.
Jewellery
 d - a +6 amulet of reflection
 j - a +5 ring of slaying (left hand)
 l - a ring of Light (right hand) {rElec rN+ Str-4 Int+4 SInv}
   (You bought it in a shop on level 5 of the Vaults)

   [ring of see invisible]

   It affects your strength (-4).
   It affects your intelligence (+4).
   It insulates you from electricity.
   It protects you from negative energy.
   It lets you see invisible.
 r - an amulet of magic regeneration (around neck)
 J - an uncursed ring of wizardry
Wands
 c - a wand of acid (5/15)
 h - a wand of acid (8/15)
 u - a wand of clouds (1/9)
 D - a wand of digging (5/24)
 E - a wand of scattershot (5/9)
 H - a wand of acid (5/15)
 K - a wand of iceblast (9/15)
 U - a wand of clouds (5/9)
 X - a wand of clouds (1/9)
Scrolls
 b - a scroll of torment
 e - 3 scrolls of fog
 f - 3 scrolls of silence
 n - 6 scrolls of fear
 p - 25 scrolls of remove curse
 q - 5 scrolls of enchant armour
 s - 4 scrolls of blinking
 v - 8 scrolls of enchant weapon
 z - 8 scrolls of magic mapping
 B - 13 scrolls of amnesia
 G - 15 scrolls of teleportation
 I - 7 scrolls of identify
 S - 6 scrolls of recharging
Books
 m - a book of Unlife

   Spells                             Type                      Level
   a - Recall                         Summoning/Translocation      3
   b - Animate Dead                   Necromancy                   4
   c - Control Undead                 Necromancy                   4
   d - Cigotuvi's Embrace             Necromancy                   5
   e - Death Channel                  Necromancy                   6
   f - Simulacrum                     Ice/Necromancy               6
 x - a book of Necromancy

   Spells                             Type                      Level
   a - Pain                           Necromancy                   1
   b - Animate Skeleton               Necromancy                   1
   c - Vampiric Draining              Necromancy                   3
   d - Regeneration                   Charms/Necromancy            3
   e - Animate Dead                   Necromancy                   4
   f - Control Undead                 Necromancy                   4
 y - a Necronomicon

   Spells                             Type                      Level
   a - Haunt                          Necromancy/Summoning         7
   b - Borgnjor's Revivification      Necromancy                   8
   c - Death's Door                   Charms/Necromancy            8
   d - Infestation                    Necromancy                   8
   e - Necromutation                  Transmutation/Necromancy     8
 C - a book of Air

   Spells                             Type                      Level
   a - Shock                          Conjuration/Air              1
   b - Swiftness                      Charms/Air                   2
   c - Static Discharge               Conjuration/Air              3
   d - Airstrike                      Air                          4
   e - Lightning Bolt                 Conjuration/Air              5
 M - a book of Geomancy

   Spells                             Type                      Level
   a - Sandblast                      Earth                        1
   b - Passwall                       Transmutation/Earth          2
   c - Stone Arrow                    Conjuration/Earth            3
   d - Petrify                        Transmutation/Earth          4
   e - Lee's Rapid Deconstruction     Earth                        5
 P - a book of Annihilations

   Spells                             Type                      Level
   a - Poison Arrow                   Conjuration/Poison           6
   b - Chain Lightning                Conjuration/Air              8
   c - Lehudib's Crystal Spear        Conjuration/Earth            8
   d - Glaciate                       Conjuration/Ice              9
   e - Fire Storm                     Conjuration/Fire             9
 Q - a manual of Polearms
 T - a book of Fire

   Spells                             Type                      Level
   a - Ignite Poison                  Fire/Transmutation/Poison    3
   b - Fireball                       Conjuration/Fire             5
   c - Bolt of Fire                   Conjuration/Fire             6
   d - Ring of Flames                 Charms/Fire                  7
   e - Ignition                       Fire                         8
Miscellaneous
 a - 3 boxes of beasts
 g - a phial of floods
 k - a fan of gales (inert)
 A - a lamp of fire
 F - a lightning rod (4/4)
 V - a crystal ball of energy
 W - 4 phantom mirrors


   Skills:
 + Level 20.3 Fighting
 - Level 12.0 Polearms
 - Level 12.2 Armour
 + Level 14.7 Dodging
 - Level 1.5 Stealth
 - Level 5.4 Shields
 + Level 23.9 Spellcasting
 - Level 7.2 Conjurations
 - Level 10.6 Charms
 - Level 9.3 Summonings
 - Level 17.9 Necromancy
 - Level 8.3 Translocations
 + Level 16.3 Fire Magic
 - Level 6.3 Air Magic
 - Level 4.0 Evocations


You had 2 spell levels left.
You knew the following spells:

 Your Spells              Type           Power        Failure   Level  Hunger
a - Fireball              Conj/Fire      #######...   1%          5    N/A
b - Passage of Golubria   Tloc           N/A          1%          4    N/A
c - Blink                 Tloc           N/A          1%          2    N/A
d - Ring of Flames        Chrm/Fire      #######...   3%          7    N/A
e - Summon Lightning Spi  Summ/Air       ######..     1%          4    N/A
f - Apportation           Tloc           ######       1%          1    N/A
g - Haunt                 Necr/Summ      ########..   3%          7    N/A
h - Airstrike             Air            ######....   1%          4    N/A
i - Swiftness             Chrm/Air       ######..     1%          2    N/A
j - Lightning Bolt        Conj/Air       ######....   1%          5    N/A
k - Passwall              Tmut/Erth      #####.....   1%          2    N/A
l - Summon Forest         Summ/Tloc      #######...   1%          5    N/A
m - Death Channel         Necr           ########..   1%          6    N/A
n - Fire Storm            Conj/Fire      #######...   99%         9    N/A
o - Infestation           Necr           ########..   4%          8    N/A

Dungeon Overview and Level Annotations

Branches:
Dungeon (15/15)            Temple (1/1) D:6            Lair (6/6) D:11
  Swamp (4/4) Lair:3        Snake (4/4) Lair:4        Slime (0/5) Lair:5
    Orc (2/2) D:9             Elf (3/3) Orc:2        Vaults (5/5) D:13
  Crypt (3/3) Vaults:2       Tomb (0/3) Crypt:3      Depths (5/5) D:15
    Zot (5/5) Depths:5

Altars:
Ashenzari
Cheibriados
Dithmenos
Elyvilon
Fedhas
Gozag
Hepliaklqana
Kikubaaqudgha
Makhleb
Nemelex Xobeh
Okawaru
Qazlal
Ru
Sif Muna
Trog
Uskayaw
Vehumet
Xom
Yredelemnul
Zin
The Shining One
Beogh
Jiyva

Shops:
D:8 (:!   D:9 *   D:14 ([   Orc:2 :*[(   Lair:3 =*   Swamp:4 ?=   Snake:2 =}}
Vaults:4 [:   Vaults:5 =   Depths:2 *:   Depths:4 [%

Portals:
Hell: Depths:1 Depths:3 Depths:4 Depths:5
Abyss: Depths:4
Pandemonium: Depths:3 Depths:5
Ziggurat: Depths:3

Annotations:
D:4 Edmund, Pikel
D:5 exclusion: upstairs
D:8 exclusion: 2 downstairs
D:11 exclusion: 2 doors
Swamp:2 exclusion: Roxanne, Roxanne
Swamp:3 Mara
Elf:2 3 runed doors
Zot:1 exclusion: 2 downstairs


Innate Abilities, Weirdness & Mutations

You do not eat or drink.
Your flesh is vulnerable to fire.
You are immune to poison.
Your flesh is cold resistant. (rC+)
You are immune to negative energy. (rN+++)
You are immune to unholy pain and torment.
You can survive without breathing.
You are strongly in touch with the powers of death.


Message History

You feel a strong surge of power!
You call forth a plague of scarabs!
The bat is infested! x2; You block the bat's attack.
Unknown command.
You puncture the bat!
You kill the bat!
A death scarab bursts from the bat!
The bat barely misses you.
You barely miss the bat. You block the bat's attack.
Your moon troll leather armour prevents you from hitting the bat.
The bat completely misses you.
Your death scarab bites the bat!
The bat dies!
A death scarab bursts from the bat!
(D) Dungeon (T) Temple (L) Lair (S) Swamp (P) Snake Pit (M) Slime Pits (O) Orcish Mines (E) Elven Halls (V) Vaults (C) Crypt (W) Tomb (U) Depths (H) Hell (Z) Zot
Where to? (Enter - D:1 @ (x,y), ? - help)
You reach down and open the door.
There is an open door here.
There is a staircase leading out of the dungeon here.
You have escaped!

...##......#.......# #.#
#.###...)..#.......# #.#
#.###......#.......# #.#
#........############## #.#
######.##### #.......# #.#
#.....# #.#####.# #.#
#####.##########.###.#
#########...##...##).....#
##.......###..'s@.'.#.#####
......##.# #..#s..#.#.#
.#.##.##.# #..#####...#
......##.# #........###
...#####.# ##########
#(.#####.# #........#
#........# .#.#####.#


You could see 2 friendly death scarabs.

Vanquished Creatures
  3 ancient liches
  An orb of fire (Zot:2)
  Margery (Crypt:3)
  Xtahua (Vaults:5)
  A curse toe (Zot:5)
  10 golden dragons
  2 Killer Klowns
  Nikola (Depths:1)
  2 bone dragons
  A Tzitzimitl (Depths:2)
  Jorgrun (Swamp:4)
  2 electric golems (Zot:5)
  6 tentacled monstrosities
  6 liches
  10 Orb Guardians
  Asterion (Vaults:1)
  4 titans
  10 quicksilver dragons
  An Executioner (Zot:1)
  2 deep elf master archers (Elf:3)
  An ancient champion (Crypt:1)
  9 sphinxes
  A thorn hunter (Swamp:4)
  4 tentacled starspawn (WizLab)
  2 death cobs
  8 tengu reavers
  2 shadow dragons (Zot:1)
  16 storm dragons
  3 draconian monks
  3 fire giants
  Donald (Vaults:4)
  7 nagarajas
  A frost giant (shapeshifter) (Vaults:4)
  The ghost of Andry07 the Warrior, an adept GrFi of Okawaru (Swamp:4)
  6 deep elf sorcerers
  An orc warlord (Orc:1)
  10 frost giants
  3 curse skulls
  3 draconian knights
  2 deep elf elementalists
  8 draconian scorchers
  5 draconian shifters
  Louise (D:15)
  A balrug (Depths:3)
  2 ghost moths
  9 vault wardens
  3 ghouls
  8 draconian stormcallers
  A draconian annihilator (Depths:5)
  14 ironheart preservers
  24 very ugly things
  A reaper (Crypt:2)
  3 war gargoyles (Crypt:3)
  2 entropy weavers
  5 green draconians
  A spriggan defender (Depths:5)
  14 stone giants
  3 vampire knights
  3 deep elf demonologists
  A caustic shrike skeleton (Crypt:2)
  11 red draconians
  4 white draconians
  Azrael (Elf:1)
  6 deep elf annihilators (Elf:3)
  4 purple draconians
  11 spark wasps
  6 black draconians
  2 yellow draconians
  9 ettins
  3 crystal guardians (Crypt:3)
  A blizzard demon (D:15)
  2 eidola
  A minotaur (Lab)
  4 jiangshi
  7 deep elf death magi
  3 deep elf high priests
  7 fire dragons
  10 ice dragons
  The ghost of Andry07 the Basher, a journeyman GrFi of Okawaru (IceCv)
  21 ogre magi
  15 naga warriors
  13 vault guards
  16 hydras
  A caustic shrike simulacrum (Depths:4)
  8 great orbs of eyes
  An ice dragon (shapeshifter) (Depths:3)
  3 ghost crabs
  4 rakshasas
  2 spriggan air magi
  10 yaktaur captains
  A monstrous demonspawn (Zot:5)
  10 centaur warriors
  5 death knights
  16 anacondas
  49 two-headed ogres
  5 orc high priests (Orc:2)
  13 alligators
  4 tengu warriors
  4 death yaks
  2 deep troll shamans (Depths:5)
  7 naga sharpshooters
  6 deep troll earth magi
  4 vampire magi
  2 titan zombies (Crypt:3)
  A spriggan berserker (Depths:4)
  5 shock serpents
  4 soul eaters
  4 sun demons
  18 deep elf knights
  A storm dragon zombie (Crypt:2)
  A golden dragon zombie (Crypt:3)
  3 shadow wraiths (Depths:2)
  27 skeletal warriors
  10 hell knights
  3 salamander mystics (Snake:3)
  2 wretched stars (WizLab)
  2 iron trolls
  4 sixfirhies
  A storm dragon skeleton (Depths:4)
  A spectral anaconda (Depths:2)
  An entropy weaver zombie (Vaults:1)
  10 swamp dragons
  7 glowing orange brains
  20 deep trolls
  A gelid demonspawn (Depths:5)
  13 unseen horrors
  7 wizards
  An orange crystal statue (WizLab)
  A spectral minotaur (Depths:2)
  6 flayed ghosts
  A spectral hydra (Depths:2)
  13 phantasmal warriors
  8 naga ritualists
  An obsidian statue (Depths:1)
  2 shambling mangroves
  2 starcursed masses (WizLab)
  A spriggan druid (Swamp:2)
  A swamp dragon (shapeshifter) (Elf:2)
  13 harpies
  A shadow dragon zombie (Crypt:3)
  8 ironbrand convokers
  A harpy (shapeshifter) (Vaults:3)
  13 necromancers
  17 orc knights
  17 deep elf archers
  A golden dragon skeleton (Depths:4)
  3 wolf spiders
  47 deep elf magi
  A wolf spider zombie (D:15)
  7 orc sorcerers
  7 salamanders
  42 ugly things
  An iron dragon zombie (Crypt:3)
  12 mana vipers
  A sphinx skeleton (Vaults:2)
  A frost giant zombie (Crypt:1)
  2 salamanders (shapeshifter)
  A fire giant zombie (Vaults:1)
  A tengu skeleton (Vaults:2)
  8 cyclopes
  2 stone giant skeletons
  2 frost giant skeletons
  5 human skeletons
  A guardian serpent (shapeshifter) (Vaults:1)
  18 moths of wrath
  3 guardian serpents
  13 spiny frogs
  A rust devil (D:12)
  An eye of devastation (shapeshifter) (Depths:1)
  An ice statue (IceCv)
  A spriggan zombie (Depths:4)
  46 black mambas
  A titan simulacrum (Depths:4)
  3 eyes of devastation (WizLab)
  8 vault sentinels
  A smoke demon (Zot:5)
  27 naga magi
  A rime drake (Lair:2)
  An alligator snapping turtle skeleton (Crypt:1)
  A hellion (Depths:4)
  2 orange demons
  A spiny frog (shapeshifter) (Vaults:4)
  A pale draconian zombie (Crypt:2)
  5 komodo dragons
  A human zombie (Vaults:1)
  2 tormentors
  2 gargoyles
  30 yaktaurs
  8 freezing wraiths
  A death yak skeleton (Crypt:1)
  2 kobold demonologists
  A centaur skeleton (D:11)
  4 ice devils
  2 efreet
  2 yaktaur skeletons (Vaults:2)
  4 hellwings
  2 spectral merfolk (Depths:2)
  A troll (shapeshifter) (Vaults:1)
  2 tengu conjurers
  A meliai (shapeshifter) (Vaults:5)
  12 polar bears
  A wolf spider simulacrum (D:15)
  A hydra zombie (Crypt:3)
  5 trolls
  3 tyrant leeches
  2 wind drakes (shapeshifter)
  6 hornets
  2 ettin zombies (Crypt:2)
  A blink frog (shapeshifter) (Vaults:2)
  A minotaur skeleton (Crypt:3)
  7 bog bodies
  5 raiju (Depths:2)
  15 slime creatures
  11 blink frogs
  2 black mamba zombies
  A fire dragon zombie (Crypt:3)
  3 air elementals
  An ettin skeleton (Crypt:2)
  6 hippogriffs
  3 redbacks
  8 shadows
  5 spriggans
  2 tarantellas
  A centaur simulacrum (D:12)
  2 wyverns
  A fire dragon skeleton (Crypt:3)
  11 wraiths
  47 flying skulls
  9 water elementals
  A satyr skeleton (Crypt:1)
  39 yaks
  3 vampires
  Grum (Lair:1)
  A basilisk (D:14)
  A black mamba skeleton (Crypt:2)
  A golden eye (shapeshifter) (Depths:3)
  2 chaos spawn
  19 fire elementals
  A neqoxec (WizLab)
  A steam dragon (Lair:2)
  19 swamp worms
  3 hungry ghosts
  A glowing shapeshifter zombie (Crypt:2)
  21 vampire mosquitoes
  13 wargs
  A swamp worm (shapeshifter) (Vaults:3)
  4 acid dragons
  5 hell hounds
  39 nagas
  5 water moccasins
  3 floating eyes
  6 porcupines
  A deep troll skeleton (Vaults:2)
  44 orc warriors
  A slave (D:3)
  A spiny frog skeleton (Crypt:2)
  An ice beast (D:9)
  8 swamp drakes
  A meliai simulacrum (D:15)
  45 ogres
  A snapping turtle zombie (Depths:2)
  2 eyes of draining (D:13)
  2 phantoms
  2 boggarts (shapeshifter)
  3 sky beasts
  7 centaurs
  10 boggarts
  4 necrophages
  10 crocodiles
  15 wolves
  A swamp dragon skeleton (Crypt:2)
  5 big kobolds
  A rime drake skeleton (Crypt:1)
  22 bullfrogs
  3 earth elementals
  A warg zombie (Crypt:1)
  2 wyvern skeletons
  3 spectral ogres (Depths:2)
  5 scorpions
  10 wights
  3 killer bees
  4 electric eels
  4 howler monkeys
  A troll skeleton (Crypt:3)
  A spectral centaur (Depths:2)
  12 crimson imps
  4 quasits
  3 centaur zombies
  A bullfrog zombie (D:12)
  A hound (D:14)
  6 jellies
  12 orc priests
  A bullfrog skeleton (D:4)
  3 iron imps
  Jessica (D:2)
  5 iguanas
  30 orc wizards
  Natasha (twice) (D:2)
  10 worker ants
  2 spriggan simulacra (Depths:2)
  A crocodile zombie (Crypt:1)
  A demigod zombie (Crypt:1)
  An ogre skeleton (Crypt:2)
  3 hound zombies
  A worker ant zombie (D:11)
  16 adders
  7 gnolls
  5 shadow imps
  4 ufetubi
  5 oozes (Sewer)
  An adder skeleton (D:8)
  A lava snake zombie (Crypt:2)
  A worm (D:4)
  2 dart slugs
  16 leopard geckos
  85 orcs
  12 giant cockroaches
  7 goblins
  7 hobgoblins
  5 jackals (D:7)
  7 quokkas
  11 ball pythons (Sewer)
  A ball python skeleton (D:6)
  26 bats
  12 frilled lizards
  A gnoll zombie (Crypt:2)
  A jackal zombie (D:5)
  20 kobolds
  14 rats
  3 plants
  3 starspawn tentacles (WizLab)
2134 creatures vanquished.

Vanquished Creatures (collateral kills)
  5 ancient liches
  4 orbs of fire (Zot:5)
  A juggernaut (Depths:3)
  Sojobo (Vaults:5)
  The ghost of Patr1k the Hoplite, a veteran DDFi of Okawaru (Vaults:5)
  Saint Roka (Vaults:4)
  the Lernaean hydra (Swamp:4)
  3 curse toes
  2 golden dragons
  A Killer Klown (Zot:5)
  Jory (Vaults:5)
  The ghost of Gargoyl the Hoplite, an adept MiAK of Lugonu (Swamp:4)
  6 tentacled monstrosities
  A moon troll (WizLab)
  10 Orb Guardians
  4 titans
  3 deep elf blademasters (Elf:3)
  A quicksilver dragon (Depths:4)
  4 tentacled starspawn (WizLab)
  5 death cobs
  3 sphinxes
  2 tengu reavers (Vaults:5)
  2 shadow dragons (Vaults:5)
  A thorn hunter (Swamp:4)
  A storm dragon (Zot:5)
  A nagaraja (Snake:4)
  3 frost giants
  4 draconian scorchers
  4 deep elf sorcerers
  A ghost moth (Zot:5)
  A fire giant (Vaults:5)
  10 vault wardens
  3 deep elf elementalists
  A cacodemon (WizLab)
  2 draconian annihilators
  Aizul (Elf:2)
  2 draconian stormcallers (Zot:1)
  5 stone giants
  A draconian shifter (Zot:1)
  2 ironheart preservers
  A war gargoyle (WizLab)
  A ghoul (Crypt:1)
  5 very ugly things
  An entropy weaver (Vaults:5)
  3 green draconians (Zot:5)
  A deep elf demonologist (Vaults:5)
  A spark wasp (Depths:4)
  A purple draconian (Zot:5)
  The ghost of Rurstahk the Cleaver, a journeyman HuBe of Trog (D:12)
  3 deep elf annihilators
  2 yellow draconians (Zot:5)
  3 black draconians
  2 white draconians (Zot:5)
  A red draconian (Zot:5)
  The ghost of Flubber the Blocker, a journeyman GrFi of Qazlal (D:13)
  4 ettins
  4 deep elf death magi
  3 deep elf high priests
  A great orb of eyes (WizLab)
  3 yaktaur captains (Vaults:5)
  9 hydras
  A rakshasa (Depths:1)
  16 vault guards
  An ice dragon (Depths:1)
  A spriggan air mage (Depths:5)
  2 naga warriors
  A death knight (D:14)
  2 death yaks
  An alligator (Swamp:2)
  An ogre mage (Vaults:5)
  17 two-headed ogres
  2 deep troll earth magi
  An orc high priest (Orc:2)
  4 dancing weapons
  5 naga sharpshooters
  9 deep elf knights
  2 fire crabs
  3 skeletal warriors
  3 hell knights
  3 deep trolls
  2 wizards (Depths:4)
  2 spriggan druids
  The ghost of letownia the Martial Artist, a novice OpTm of Gozag (D:7)
  A flayed ghost (Vaults:4)
  8 deep elf archers
  An orange crystal statue (Depths:2)
  10 ironbrand convokers
  2 swamp dragons
  2 phantasmal warriors (Vaults:5)
  3 orc knights
  2 shambling mangroves
  3 necromancers
  3 glowing orange brains
  2 harpies (Vaults:1)
  12 ugly things
  5 orc sorcerers
  14 deep elf magi
  A cyclops (D:14)
  A wolf spider (Vaults:5)
  A manticore (D:14)
  4 slime creatures
  A salamander (Snake:1)
  4 moths of wrath
  A centaur zombie (D:14)
  2 black mambas (Snake:1)
  4 naga magi (Snake:4)
  6 vault sentinels
  An eye of devastation (WizLab)
  A guardian serpent (Snake:2)
  8 spiny frogs
  An orange demon (Zot:5)
  4 komodo dragons
  2 ice devils (Lair:3)
  5 freezing wraiths
  20 yaktaurs
  2 hellwings (Zot:5)
  6 trolls
  A red devil (D:2)
  A troll (shapeshifter) (Vaults:4)
  6 tyrant leeches
  5 polar bears
  12 hornets
  7 blink frogs
  2 hippogriffs
  7 bog bodies
  2 starcursed masses (WizLab)
  A redback (shapeshifter) (Vaults:5)
  7 spriggans
  2 redbacks (Vaults:5)
  42 yaks
  2 wraiths
  2 humans (D:9)
  A wyvern (D:13)
  5 fire elementals
  A golden eye (shapeshifter) (Depths:5)
  A steam dragon (D:8)
  A hungry ghost (D:11)
  5 nagas
  A neqoxec (WizLab)
  8 vampire mosquitoes
  2 wargs
  5 swamp worms
  2 water moccasins
  2 hell hounds
  2 sky beasts
  4 swamp drakes
  32 orc warriors
  3 ice beasts
  A black bear (shapeshifter) (Depths:3)
  A phantom (D:10)
  12 ogres
  12 wolves
  5 centaurs
  4 crocodiles
  8 bullfrogs
  2 gnoll sergeants
  An earth elemental (Elf:3)
  A scorpion (D:7)
  A wyvern skeleton (D:9)
  5 killer bees (D:11)
  6 wights
  2 howler monkeys
  4 electric eels (D:9)
  2 crimson imps
  2 jellies
  A hound (D:7)
  16 orc priests
  An iguana (D:8)
  15 orc wizards
  A worker ant zombie (D:7)
  14 gnolls
  A howler monkey skeleton (D:7)
  2 river rats (D:4)
  3 adders
  2 shadow imps
  A white imp (Vaults:1)
  An ooze (Sewer)
  An adder skeleton (D:9)
  2 worms (D:4)
  5 leopard geckos
  85 orcs
  2 ball pythons (Sewer)
  2 bats
  4 giant cockroaches (Sewer)
  2 goblins (D:8)
  2 jackals (D:7)
  2 quokkas
  3 frilled lizards (Sewer)
  7 kobolds
  3 demonic plants (WizLab)
  A fungus (Swamp:4)
  3 plants
  5 starspawn tentacles (WizLab)
810 creatures vanquished.

Vanquished Creatures (others)
  2 ancient liches (Zot:5)
  A curse toe (Zot:5)
  2 tentacled monstrosities
  6 Orb Guardians (Zot:5)
  An eldritch tentacle (Zot:3)
  A shadow dragon (Vaults:5)
  2 vault wardens (Vaults:5)
  2 draconian knights (Zot:5)
  A deep elf elementalist (Vaults:5)
  2 draconian shifters (Zot:5)
  A war gargoyle (Crypt:3)
  2 draconian stormcallers (Zot:5)
  3 ironheart preservers (Vaults:5)
  A stone giant (Vaults:5)
  A green draconian (Zot:5)
  3 white draconians (Zot:5)
  A black draconian (Zot:5)
  3 purple draconians (Zot:5)
  3 red draconians (Zot:5)
  A deep elf annihilator (Vaults:5)
  2 yellow draconians (Zot:5)
  3 yaktaur captains
  An ogre mage (Vaults:5)
  5 vault guards
  2 centaur warriors (Vaults:1)
  3 two-headed ogres (Vaults:5)
  An alligator (Swamp:4)
  14 dancing weapons
  A deep elf archer (Elf:2)
  4 deep elf magi
  A wizard (Depths:4)
  A cyclops (Orc:2)
  A moth of wrath (Zot:2)
  2 black mambas
  4 yaktaurs
  2 polar bears (IceCv)
  2 fire elementals (Zot:1)
  A yak (IceCv)
  An orc warrior (Orc:2)
  4 ogres
  4 wolves (IceCv)
  An earth elemental (Elf:1)
  An orc (Vaults:4)
  9 demonic plants (WizLab)
  35 fungi
  60 plants
  38 snaplasher vines
  17 starspawn tentacles (WizLab)
259 creatures vanquished.

Grand Total: 3203 creatures vanquished

Notes
Turn   | Place    | Note
-------+----------+-------------------------------------------
     0 | D:1      | Jannitor the Mummy Wizard began the quest for the Orb.
     0 | D:1      | Reached XP level 1. HP: 13/13 MP: 5/5
   112 | D:1      | Reached skill level 1 in Conjurations
   388 | D:1      | Reached XP level 2. HP: 15/19 MP: 0/7
  1036 | D:1      | Found a sparkling altar of Nemelex Xobeh.
  1113 | D:1      | Learned a level 2 spell: Call Imp
  1116 | D:1      | Learned a level 2 spell: Blink
  1149 | D:1      | Reached XP level 3. HP: 24/24 MP: 3/9
  1445 | D:2      | Noticed Jessica
  1451 | D:2      | Killed Jessica
  1451 | D:2      | Reached skill level 5 in Spellcasting
  1798 | D:2      | Reached XP level 4. HP: 30/30 MP: 8/11
  2333 | D:2      | Reached skill level 1 in Summonings
  2793 | D:2      | Noticed Natasha
  2800 | D:2      | Killed Natasha
  2800 | D:2      | Reached XP level 5. HP: 14/35 MP: 1/13
  3055 | D:2      | Noticed Natasha
  3059 | D:2      | Killed Natasha
  3400 | D:3      | Found a roughly hewn altar of Beogh.
  3885 | D:3      | Found a shimmering altar of Xom.
  3895 | D:3      | Reached skill level 6 in Spellcasting
  4044 | D:3      | Reached XP level 6. HP: 36/41 MP: 4/15
  4936 | D:3      | Found a glowing golden altar of the Shining One.
  5130 | D:4      | Noticed Pikel
  5130 | D:4      | Noticed a slave
  5130 | D:4      | Noticed a slave
  5130 | D:4      | Noticed a slave
  5130 | D:4      | Noticed a slave
  5146 | D:3      | Killed a slave
  5576 | D:4      | Noticed Edmund
  5702 | D:4      | Found a glowing drain.
  5709 | Sewer    | Entered a sewer
  6043 | Sewer    | Learned a level 3 spell: Mephitic Cloud
  6095 | Sewer    | Reached XP level 7. HP: 45/46 MP: 6/17
  6515 | Sewer    | Reached skill level 7 in Spellcasting
  6948 | D:5      | Entered Level 5 of the Dungeon
  7294 | D:5      | Learned a level 4 spell: Summon Lightning Spire
  8284 | D:5      | Reached XP level 8. HP: 52/52 MP: 5/19
  8484 | D:5      | Reached skill level 8 in Spellcasting
  8510 | D:4      | Found a sparkling altar of Nemelex Xobeh.
  8510 | D:4      | Found a white marble altar of Elyvilon.
  8769 | D:6      | Found a hazy altar of Hepliaklqana.
  8955 | D:6      | Found a staircase to the Ecumenical Temple.
  8992 | Temple   | Entered the Ecumenical Temple
  9159 | Temple   | Became a worshipper of Gozag Ym Sagoz the Greedy
  9735 | D:6      | Got a pitted ring mail
  9739 | D:6      | Identified the +9 ring mail of the Fife {-Cast rC+++ rN++ Str-4} (You found it on level 6 of the Dungeon)
 10331 | D:6      | Reached skill level 5 in Summonings
 10537 | D:7      | Reached skill level 5 in Conjurations
 11119 | D:7      | Reached skill level 1 in Fighting
 11291 | D:7      | Noticed letownia's ghost (novice OpTm)
 11322 | D:7      | Killed letownia's ghost
 11322 | D:7      | Reached skill level 9 in Spellcasting
 11322 | D:7      | Reached XP level 9. HP: 61/61 MP: 15/22
 12340 | D:8      | Found a basalt altar of Yredelemnul.
 12428 | D:8      | Learned a level 3 spell: Conjure Flame
 12569 | D:8      | Noticed a two-headed ogre
 12577 | D:8      | Found a flagged portal.
 12582 | Bailey   | Entered a bailey
 12987 | Bailey   | Identified a scroll of acquirement
 12994 | Bailey   | Noticed an orc knight
 13179 | Bailey   | Killed an orc knight
 13179 | Bailey   | Reached skill level 10 in Spellcasting
 13360 | Bailey   | Noticed an orc knight
 13381 | Bailey   | Killed an orc knight
 13381 | Bailey   | Reached XP level 10. HP: 71/71 MP: 5/24
 13391 | Bailey   | Noticed an orc knight
 13418 | Bailey   | Killed an orc knight
 13566 | Bailey   | Noticed an orc knight
 13566 | Bailey   | Noticed an orc knight
 13608 | Bailey   | Killed an orc knight
 13645 | Bailey   | Killed an orc knight
 13812 | D:8      | Killed a two-headed ogre
 13990 | D:8      | Found Yckynk's Book Shop.
 13999 | D:8      | Found Yvam's Distillery.
 14165 | D:8      | Learned a level 4 spell: Summon Ice Beast
 14351 | D:9      | Noticed a two-headed ogre
 14575 | D:9      | Found an iron altar of Okawaru.
 14586 | D:9      | Reached skill level 1 in Air Magic
 14625 | D:9      | Reached skill level 5 in Fighting
 14723 | D:9      | Reached skill level 11 in Spellcasting
 15181 | D:8      | Bought the +8 lance "Wyrmbane" {slay drac, rPois rF+ rC+ AC+3} for 2181 gold pieces
 15269 | D:8      | Reached XP level 11. HP: 51/81 MP: 20/26
 15433 | D:9      | Killed a two-headed ogre
 15433 | D:9      | Reached skill level 1 in Polearms
 16010 | D:9      | Found a shadowy altar of Dithmenos.
 16042 | D:9      | Found Adoidun's Assorted Antiques.
 16194 | D:9      | Bought a weird runed staff for 324 gold pieces
 16197 | D:9      | Bought a scroll of identify for 54 gold pieces
 16197 | D:9      | Bought a scroll of fog for 54 gold pieces
 16197 | D:9      | Bought a scroll of fear for 94 gold pieces
 16197 | D:9      | Bought a ring of evasion for 54 gold pieces
 16317 | D:9      | Noticed a two-headed ogre
 16326 | D:9      | Killed a two-headed ogre
 16636 | D:9      | Found a staircase to the Orcish Mines.
 16849 | D:9      | Found a sacrificial altar of Ru.
 16890 | D:10     | Entered Level 10 of the Dungeon
 17954 | D:10     | Killed an unseen horror
 18395 | D:11     | Found a staircase to the Lair.
 18395 | D:11     | Noticed a red ugly thing
 18410 | D:11     | Killed a red ugly thing
 18531 | D:11     | Identified the +5 great sword of Outrage {venom, rPois Dex+5} (You found it on level 11 of the Dungeon)
 18636 | D:11     | Noticed a green ugly thing
 18642 | D:11     | Killed a green ugly thing
 18981 | D:11     | Noticed a two-headed ogre
 19005 | D:11     | Killed a two-headed ogre
 19145 | D:11     | Noticed a six-headed hydra
 19685 | D:8      | Bought a book of Air for 490 gold pieces
 19690 | D:8      | Learned a level 4 spell: Airstrike
 19693 | D:8      | Learned a level 2 spell: Swiftness
 19699 | D:8      | Learned a level 5 spell: Lightning Bolt
 19750 | Lair:1   | Entered Level 1 of the Lair of Beasts
 19860 | Lair:1   | Noticed Grum
 19872 | Lair:1   | Reached skill level 5 in Polearms
 19877 | Lair:1   | Killed Grum
 20031 | Lair:1   | Reached XP level 12. HP: 91/91 MP: 18/27
 20934 | Lair:2   | Reached skill level 5 in Dodging
 21156 | Lair:2   | Reached skill level 5 in Air Magic
 21836 | Lair:3   | Found a frozen archway.
 21880 | IceCv    | Entered an ice cave
 23297 | IceCv    | Noticed Andry07's ghost (journeyman GrFi)
 23322 | IceCv    | Killed Andry07's ghost
 23452 | IceCv    | Noticed a frost giant
 23627 | IceCv    | Killed a frost giant
 23807 | IceCv    | Noticed a death yak
 23831 | IceCv    | Killed a death yak
 24223 | Lair:3   | Got a warped leather armour
 24224 | Lair:3   | Identified the +2 leather armour of Xugi Nul {rPois} (You found it on level 3 of the Lair of Beasts)
 24337 | Lair:3   | Found a staircase to the Swamp.
 25151 | Lair:3   | Learned a level 2 spell: Passwall
 25323 | Lair:3   | Bought a pair of glowing boots for 217 gold pieces
 25329 | Lair:3   | Bought a scroll of identify for 58 gold pieces
 25329 | Lair:3   | Bought a scroll of identify for 58 gold pieces
 25422 | Lair:3   | Gained mutation: You are in touch with the powers of death. [Mummy growth]
 25422 | Lair:3   | Reached XP level 13. HP: 88/99 MP: 23/28
 26236 | Lair:4   | Found a staircase to the Snake Pit.
 26325 | Lair:4   | Reached skill level 12 in Spellcasting
 26692 | Lair:4   | Reached skill level 1 in Shields
 26989 | Lair:5   | Found a labyrinth entrance.
 26998 | Lab      | Entered a labyrinth
 27158 | Lab      | Noticed a minotaur
 27184 | Lab      | Killed a minotaur
 27260 | Lab      | Got a fine glass ring
 27262 | Lab      | Got a slimy robe
 27264 | Lab      | Got an ichor-stained trident
 27265 | Lab      | Identified the +5 trident "Cedghiamu" {pierce, rPois} (You found it in a labyrinth)
 27268 | Lab      | Identified the ring of No Interval {Int+2 Dex+2} (You found it in a labyrinth)
 27281 | Lab      | Identified the +2 robe "Zuhautaq" {+Inv rN+ SInv} (You found it in a labyrinth)
 27492 | Lair:5   | Found a staircase to the Slime Pits.
 27492 | Lair:5   | Found a viscous altar of Jiyva.
 28081 | Lair:5   | Got a pair of ancient gloves
 28092 | Lair:5   | Identified the +0 pair of gloves "Wuogim" {rPois rC+} (You found it on level 5 of the Lair of Beasts)
 28186 | Lair:6   | Entered Level 6 of the Lair of Beasts
 28455 | Lair:6   | Reached skill level 1 in Evocations
 28953 | Lair:6   | Reached skill level 10 in Polearms
 29719 | Lair:6   | Reached XP level 14. HP: 107/109 MP: 30/30
 31320 | Orc:1    | Entered Level 1 of the Orcish Mines
 31411 | Orc:1    | Found a burning altar of Makhleb.
 31622 | Orc:1    | Reached skill level 13 in Spellcasting
 31701 | Orc:1    | Learned a level 5 spell: Summon Forest
 32041 | Orc:2    | Entered Level 2 of the Orcish Mines
 32116 | Orc:2    | Reached skill level 10 in Fighting
 32116 | Orc:2    | Reached skill level 1 in Translocations
 32632 | Orc:2    | Found a staircase to the Elven Halls.
 32681 | Orc:2    | Noticed an orc warlord
 32954 | Orc:1    | Killed an orc warlord
 34038 | Orc:2    | Found Aczas's General Store.
 34039 | Orc:2    | Found Wussuf's Book Shop.
 34040 | Orc:2    | Found Uruuck's Antique Armour Boutique.
 34040 | Orc:2    | Found Rosivywk's Antique Weapon Boutique.
 34054 | Orc:2    | Bought a scroll of identify for 26 gold pieces
 34054 | Orc:2    | Bought a scroll of amnesia for 45 gold pieces
 34054 | Orc:2    | Bought a scroll of amnesia for 45 gold pieces
 34449 | D:12     | Noticed Rurstahk's ghost (journeyman HuBe)
 34461 | D:12     | Killed Rurstahk's ghost
 34939 | D:12     | Noticed a storm dragon
 34939 | D:12     | Noticed a storm dragon
 34956 | D:12     | Killed a storm dragon
 34960 | D:12     | Killed a storm dragon
 35001 | D:12     | Identified the +1 robe of Instinct {Str+3} (You found it on level 12 of the Dungeon)
 35623 | D:13     | Found an iron altar of Okawaru.
 35625 | D:13     | Noticed Flubber's ghost (journeyman GrFi)
 35649 | D:13     | Killed Flubber's ghost
 36048 | D:13     | Reached XP level 15. HP: 94/117 MP: 32/32
 36498 | D:13     | Reached skill level 5 in Shields
 36880 | D:13     | Found a gate to the Vaults.
 36902 | D:13     | Learned a level 5 spell: Fireball
 37149 | D:14     | Reached skill level 1 in Fire Magic
 38057 | D:14     | Reached skill level 14 in Spellcasting
 38219 | D:14     | Found Zammool's Weapon Emporium.
 38233 | D:14     | Bought an ichor-stained ring mail for 333 gold pieces
 38233 | D:14     | Bought a brightly glowing leather armour for 259 gold pieces
 38466 | D:14     | Identified the cursed +0 ring mail of Yzoaqaih {rC+} (You bought it in a shop on level 14 of the Dungeon)
 38477 | D:14     | Identified the cursed +0 leather armour "Iqofunt" {rPois Dex+3} (You bought it in a shop on level 14 of the Dungeon)
 38488 | D:14     | Bought glowing acid dragon scales for 1591 gold pieces
 38723 | D:15     | Entered Level 15 of the Dungeon
 38735 | D:15     | Reached skill level 1 in Armour
 39185 | D:15     | Noticed Louise
 39477 | D:15     | Killed Louise
 39780 | D:15     | Found a staircase to the Depths.
 40109 | Swamp:1  | Entered Level 1 of the Swamp
 41027 | Swamp:2  | Reached skill level 5 in Armour
 41423 | Swamp:1  | Reached XP level 16. HP: 114/125 MP: 28/34
 41567 | Swamp:2  | Noticed Roxanne
 42118 | Swamp:2  | Reached skill level 5 in Fire Magic
 42862 | Swamp:3  | Identified the +1 leather armour "Degopris" {rF+} (You found it on level 3 of the Swamp)
 43298 | Swamp:3  | Noticed Mara
 43626 | Swamp:4  | Entered Level 4 of the Swamp
 43631 | Swamp:4  | Noticed a thorn hunter
 43652 | Swamp:4  | Killed a thorn hunter
 43712 | Swamp:4  | Noticed Andry07's ghost (adept GrFi)
 43756 | Swamp:4  | Killed Andry07's ghost
 43962 | Swamp:4  | Noticed Gargoyl's ghost (adept MiAK)
 44017 | Swamp:4  | Killed Gargoyl's ghost
 44335 | Swamp:4  | Learned a level 4 spell: Passage of Golubria
 44820 | Swamp:4  | Noticed a thorn hunter
 44847 | Swamp:4  | Killed a thorn hunter
 44855 | Swamp:3  | Noticed Jannitor's illusion
 45711 | Swamp:4  | Noticed the 27-headed Lernaean hydra
 45716 | Swamp:4  | Got a decaying rune of Zot
 45717 | Swamp:4  | Noticed Jorgrun
 45735 | Swamp:4  | Killed Jorgrun
 45767 | Swamp:4  | Killed the 27-headed Lernaean hydra
 45784 | Swamp:4  | Bought a scroll of identify for 36 gold pieces
 45784 | Swamp:4  | Bought a scroll of magic mapping for 63 gold pieces
 45784 | Swamp:4  | Bought a scroll of identify for 36 gold pieces
 45784 | Swamp:4  | Bought a scroll of teleportation for 54 gold pieces
 45784 | Swamp:4  | Bought a scroll of identify for 36 gold pieces
 45784 | Swamp:4  | Bought a scroll of amnesia for 63 gold pieces
 46831 | Vaults:1 | Entered Level 1 of the Vaults
 46976 | Vaults:1 | Reached XP level 17. HP: 69/133 MP: 5/35
 47011 | Vaults:1 | Reached skill level 15 in Spellcasting
 47444 | Vaults:1 | Reached skill level 5 in Translocations
 47959 | Vaults:1 | Noticed Asterion
 48645 | Elf:1    | Entered Level 1 of the Elven Halls
 48763 | Elf:1    | Got a clouded steel ring
 48764 | Elf:1    | Identified the ring of Yrissur {rC+ Stlth+} (You found it on level 1 of the Elven Halls)
 48782 | Elf:1    | Found a magical portal.
 48841 | WizLab   | Entered Lehudib's Moon Base
 49668 | WizLab   | Reached skill level 10 in Armour
 50744 | WizLab   | Noticed a quicksilver dragon
 50765 | WizLab   | Killed a quicksilver dragon
 51193 | WizLab   | Found a transporter.
 51541 | WizLab   | Identified the +2 pair of gloves of Objectivity {rF+ Dex+3} (You found it in a wizard's laboratory)
 51650 | WizLab   | Noticed a moon troll
 51676 | WizLab   | Killed a moon troll
 51676 | WizLab   | Reached XP level 18. HP: 83/142 MP: 18/37
 51857 | WizLab   | Found a transporter.
 52432 | Elf:1    | Reached skill level 16 in Spellcasting
 52907 | Elf:1    | Noticed Azrael
 52939 | Elf:1    | Killed Azrael
 53239 | Elf:2    | Noticed Aizul
 53254 | Elf:2    | Killed Aizul
 53288 | Elf:2    | Found a huge runed gate.
 53288 | Elf:2    | Found a huge runed gate.
 53295 | Elf:2    | Found a huge runed gate.
 54068 | Elf:3    | Entered Level 3 of the Elven Halls
 56019 | Elf:3    | Noticed an Ice Fiend
 56030 | Elf:3    | Reached XP level 19. HP: 128/150 MP: 10/39
 56508 | Elf:3    | Identified the cursed -6 pair of boots of Immorality {rPois rF- rCorr Slay+2} (You found it on level 3 of the Elven Halls)
 56565 | Elf:3    | Learned a level 6 spell: Death Channel
 56566 | Elf:3    | Identified the Compendium of Beguiling and Arcane Weapons
 56985 | Vaults:1 | Killed Asterion
 57527 | Vaults:1 | Reached skill level 17 in Spellcasting
 57573 | Vaults:1 | Reached skill level 1 in Necromancy
 59482 | Vaults:2 | Reached skill level 5 in Necromancy
 59878 | Vaults:2 | Found a staircase to the Crypt.
 60201 | Vaults:3 | You are sucked into a shaft!
 60201 | Vaults:4 | Noticed Donald
 60223 | Vaults:4 | Killed Donald
 60361 | Vaults:4 | Reached skill level 10 in Fire Magic
 60371 | Vaults:4 | Reached XP level 20. HP: 91/160 MP: 32/41
 62571 | Vaults:3 | Reached skill level 18 in Spellcasting
 62920 | Vaults:4 | Noticed Saint Roka
 62959 | Vaults:4 | Killed Saint Roka
 63100 | Vaults:4 | Reached skill level 15 in Fighting
 64059 | Vaults:4 | Bought a glowing buckler for 262 gold pieces
 64107 | Vaults:5 | Entered Level 5 of the Vaults
 64303 | Crypt:1  | Entered Level 1 of the Crypt
 64546 | Crypt:1  | Reached XP level 21. HP: 168/168 MP: 43/43
 65380 | Crypt:1  | Reached skill level 10 in Necromancy
 66944 | Crypt:3  | Entered Level 3 of the Crypt
 67678 | Crypt:3  | Noticed Margery
 67960 | Crypt:3  | Noticed an ancient lich
 67980 | Crypt:3  | Killed an ancient lich
 67990 | Crypt:3  | Found an ancient bone altar of Kikubaaqudgha.
 68032 | Crypt:3  | Got a warped steel ring
 68032 | Crypt:3  | Got a coiled tin ring
 68033 | Crypt:3  | Identified the ring "Ureo" {+Inv rElec rN+} (You found it on level 3 of the Crypt)
 68034 | Crypt:3  | Identified the ring of Gyeqair {rElec rN+ Str-3 Dex+7} (You found it on level 3 of the Crypt)
 68159 | Crypt:3  | Reached skill level 19 in Spellcasting
 68666 | Crypt:3  | Killed Margery
 68875 | Crypt:3  | Found a staircase to the Tomb.
 69289 | Vaults:5 | Noticed Jory
 69313 | Vaults:5 | Noticed a golden dragon
 69319 | Vaults:5 | Noticed Sojobo
 69329 | Vaults:5 | Killed Jory
 69336 | Vaults:5 | Reached XP level 22. HP: 146/177 MP: 9/45
 69337 | Vaults:5 | Killed Sojobo
 69338 | Vaults:5 | Killed a golden dragon
 69728 | Vaults:5 | Got a vibrating wooden ring
 69849 | Vaults:5 | Reached skill level 10 in Dodging
 70049 | Vaults:5 | Identified the ring of Spontaneous Combustion {+Fly rC+} (You took it off a tengu reaver on level 5 of the Vaults)
 70116 | Vaults:5 | Got a glittering lead amulet
 70136 | Vaults:5 | Got a silver rune of Zot
 70253 | Vaults:5 | Identified the +2 helmet of Mukeent {Dex+3} (You found it on level 5 of the Vaults)
 70343 | Vaults:5 | Noticed Xtahua
 70344 | Vaults:5 | Noticed an ancient lich
 70346 | Vaults:5 | Noticed a golden dragon
 70347 | Vaults:5 | Killed Xtahua
 70355 | Vaults:5 | Killed a golden dragon
 70371 | Vaults:5 | Killed an ancient lich
 70932 | Vaults:5 | Identified the ring of Limitation {+Inv rElec rPois Int+3 Dex-3} (You found it on level 5 of the Vaults)
 71149 | Vaults:5 | Reached skill level 20 in Spellcasting
 71302 | Vaults:5 | Noticed an ancient lich
 71460 | Vaults:5 | Learned a level 9 spell: Fire Storm
 71606 | Vaults:5 | Killed an ancient lich
 71754 | Vaults:5 | Identified the amulet "Dezit" {Faith Int+4} (You took it off an ironbrand convoker on level 5 of the Vaults)
 71773 | Vaults:5 | Bought a ring of Light {rElec rN+ Str-4 Int+4 SInv} for 630 gold pieces
 71908 | Vaults:4 | Bought the +2 hat of the Bear Spirit {Spirit, +Rage rN+ MR++} for 1368 gold pieces
 72239 | Orc:2    | Bought a book of Fire for 845 gold pieces
 72249 | Orc:2    | Learned a level 7 spell: Ring of Flames
 72516 | Snake:1  | Entered Level 1 of the Snake Pit
 72620 | Snake:1  | Reached XP level 23. HP: 165/186 MP: 47/47
 72739 | Snake:1  | Reached skill level 1 in Charms
 73237 | Snake:2  | Found Zebb's Gadget Shoppe.
 73238 | Snake:2  | Found Ixeesch's Jewellery Boutique.
 73239 | Snake:2  | Found Tebar's Gadget Shoppe.
 74831 | Snake:3  | Learned a level 1 spell: Apportation
 75065 | Snake:4  | Entered Level 4 of the Snake Pit
 75923 | Snake:4  | Reached skill level 21 in Spellcasting
 76063 | Snake:4  | Reached skill level 5 in Charms
 76080 | Snake:4  | Got a serpentine rune of Zot
 76734 | Depths:1 | Entered Level 1 of the Depths
 77278 | Depths:1 | Noticed Nikola
 77309 | Depths:1 | Killed Nikola
 77700 | Depths:1 | Reached XP level 24. HP: 153/197 MP: 27/48
 78179 | Depths:1 | Found a gateway to Hell.
 78612 | Depths:2 | Bought a scroll of identify for 88 gold pieces
 78612 | Depths:2 | Bought a scroll labeled PUREOSMOACK for 44 gold pieces
 78612 | Depths:2 | Bought a scroll of identify for 88 gold pieces
 78615 | Depths:2 | Bought a Necronomicon for 1324 gold pieces
 78626 | Depths:2 | Learned a level 7 spell: Haunt
 79665 | Vaults:5 | Noticed Patr1k's ghost (veteran DDFi)
 79755 | Vaults:5 | Killed Patr1k's ghost
 80146 | Depths:2 | You are sucked into a shaft!
 80174 | Depths:3 | Noticed a juggernaut
 80202 | Depths:3 | Killed a juggernaut
 80710 | Depths:3 | Identified the ring of Ileffaym {*Contam rF+ rC+ rN++ Int+2} (You found it on level 3 of the Depths)
 81198 | Depths:3 | Found a one-way gate leading to the halls of Pandemonium.
 81401 | Depths:3 | Noticed an ancient lich
 81402 | Depths:3 | Found a gateway to a ziggurat.
 81526 | Depths:3 | Killed an ancient lich
 81576 | Depths:3 | Reached skill level 22 in Spellcasting
 81975 | Depths:4 | Found Diment Zoigi's Food Shoppe.
 81995 | Depths:4 | Found Aganwuh's Armour Emporium.
 82598 | Depths:4 | Found a one-way gate to the infinite horrors of the Abyss.
 82883 | Depths:4 | Found a transporter.
 82893 | Depths:4 | Found a deep blue altar of Sif Muna.
 82913 | Depths:4 | Reached XP level 25. HP: 168/206 MP: 27/49
 83086 | Depths:4 | Found a transporter.
 83287 | Depths:5 | Entered Level 5 of the Depths
 83855 | Depths:5 | Reached skill level 15 in Necromancy
 84600 | Depths:5 | Reached skill level 15 in Fire Magic
 84774 | Depths:5 | Found a gate to the Realm of Zot.
 84942 | Zot:1    | Entered Level 1 of the Realm of Zot
 86421 | Zot:3    | Noticed an orb of fire
 86441 | Zot:2    | Gained mutation: You are strongly in touch with the powers of death. [Mummy growth]
 86441 | Zot:2    | Reached XP level 26. HP: 137/215 MP: 13/49
 86549 | Zot:2    | Killed an orb of fire
 87161 | Zot:2    | Reached skill level 10 in Charms
 87162 | Zot:2    | Reached skill level 23 in Spellcasting
 88243 | Zot:5    | Entered Level 5 of the Realm of Zot
 88755 | Zot:5    | Noticed an ancient lich
 88772 | Zot:5    | Noticed an orb of fire
 88801 | Zot:5    | Killed an ancient lich
 88911 | Zot:5    | Noticed an ancient lich
 88924 | Zot:5    | Killed an ancient lich
 88958 | Zot:5    | Killed an ancient lich
 88986 | Zot:5    | Noticed an ancient lich
 88993 | Zot:5    | Killed an ancient lich
 89076 | Zot:5    | Learned a level 8 spell: Infestation
 89250 | Zot:5    | Noticed an ancient lich
 89251 | Zot:5    | Noticed an orb of fire
 89260 | Zot:5    | Noticed an ancient lich
 89490 | Zot:5    | Killed an orb of fire
 89655 | Zot:5    | Killed an ancient lich
 89658 | Zot:5    | Killed an ancient lich
 89754 | Zot:5    | Noticed an orb of fire
 89958 | Zot:5    | Killed an orb of fire
 90236 | Zot:5    | Reached XP level 27. HP: 224/224 MP: 45/50
 90634 | Zot:5    | Noticed an orb of fire
 90670 | Zot:5    | Killed an orb of fire
 90671 | Zot:5    | Killed an orb of fire
 90775 | Zot:5    | Got the Orb of Zot
 90809 | Zot:5    | Noticed an orb of fire
 90902 | Zot:3    | Noticed an orb of fire
 90955 | Zot:1    | Noticed an orb of fire
 91104 | Depths:3 | Noticed Meom the pandemonium lord
 91190 | Depths:1 | Noticed Urhyiq the pandemonium lord
 91495 | D:2      | Noticed Taxkuih the pandemonium lord
 91560 | D:$      | Escaped with the Orb!

Skill      XL: |  1  2  3  4  5  6  7  8  9 10 11 12 13 14 15 16 17 18 19 20 21 22 23 24 25 26 |
---------------+-------------------------------------------------------------------------------+-----
Conjurations   | 1 2 3 4 5 6 7 |  7.2
Spellcasting   | 5 6 7 9 10 11 12 13 14 15 16 17 18 19 20 21 22 23 | 23.9
Summonings     | 1 2 4 6 7 8 9 |  9.3
Fighting       | 1 3 5 7 8 9 10 11 12 13 14 15 16 17 18 19 20 | 20.3
Dodging        | 2 4 5 6 7 8 9 10 12 14 | 14.7
Air Magic      | 2 4 6 |  6.3
Polearms       | 5 7 10 12 | 12.0
Shields        | 3 4 5 |  5.4
Evocations     | 2 4 |  4.0
Translocations | 3 4 6 7 8 |  8.3
Fire Magic     | 4 6 7 9 10 11 12 13 14 15 16 | 16.3
Armour         | 5 8 10 11 12 | 12.2
Necromancy     | 6 9 12 14 16 17 | 17.9
Charms         | 5 8 9 10 | 10.6
Stealth        | |  1.5

Action                   |  1- 3 |  4- 6 |  7- 9 | 10-12 | 13-15 | 16-18 | 19-21 | 22-24 | 25-27 || total
-------------------------+-------+-------+-------+-------+-------+-------+-------+-------+-------++-------
Melee: Unarmed           |     1 |       |       |       |       |       |       |       |       ||     1
       Dagger            |    13 |   105 |   168 |    73 |       |       |       |       |       ||   359
       Lance             |       |       |       |   563 |  1830 |  2012 |  3006 |  2902 |  1417 || 11730
 Cast: Magic Dart        |    94 |   242 |   264 |    56 |     9 |       |       |       |       ||   665
       Call Imp          |       |    28 |    69 |     5 |       |       |       |       |       ||   102
       Summon Lightning  |       |       |    20 |    93 |   113 |    20 |    28 |     7 |       ||   281
       Mephitic Cloud    |       |       |     9 |    16 |    17 |     1 |     3 |       |       ||    46
       Conjure Flame     |       |       |    16 |    50 |    24 |     4 |       |       |       ||    94
       Summon Ice Beast  |       |       |       |    40 |    45 |    26 |    23 |       |       ||   134
       Blink             |       |       |       |     4 |       |     5 |     2 |     7 |     2 ||    20
       Airstrike         |       |       |       |    17 |     7 |     7 |     4 |    13 |    33 ||    81
       Lightning Bolt    |       |       |       |     1 |    45 |    32 |     7 |     9 |     1 ||    95
       Summon Forest     |       |       |       |       |    16 |    73 |    37 |    24 |    16 ||   166
       Passage of Golubr |       |       |       |       |       |     4 |     3 |     1 |       ||     8
       Fireball          |       |       |       |       |       |     3 |       |     7 |     3 ||    13
       Death Channel     |       |       |       |       |       |       |     5 |     3 |     3 ||    11
       Haunt             |       |       |       |       |       |       |       |    18 |   157 ||   175
       Ring of Flames    |       |       |       |       |       |       |       |     1 |     3 ||     4
       Infestation       |       |       |       |       |       |       |       |       |    23 ||    23
       Swiftness         |       |       |       |       |       |       |       |       |     1 ||     1
Invok: Potion Petition   |       |       |     1 |       |     3 |     6 |     6 |     1 |     7 ||    24
       Call Merchant     |       |       |       |     3 |     1 |     2 |     1 |     4 |       ||    11
       Bribe Branch      |       |       |       |       |       |       |     1 |       |     1 ||     2
 Abil: Stop Flying       |       |       |       |       |       |       |       |     2 |       ||     2
       Evoke Flight      |       |       |       |       |       |       |       |     1 |     1 ||     2
Evoke: Wand              |       |       |     8 |     2 |     1 |       |       |     1 |    13 ||    25
       Phantom mirror    |       |       |       |       |       |     2 |       |       |       ||     2
       Lamp of fire      |       |       |       |       |       |       |       |     1 |       ||     1
       Fan of gales      |       |       |       |       |       |       |       |       |     2 ||     2
       Box of beasts     |       |       |       |       |       |       |       |       |     1 ||     1
       Sack of spiders   |       |       |       |       |       |       |       |       |     1 ||     1
  Use: Scroll            |     4 |     8 |    12 |    13 |    17 |    17 |    22 |    19 |     8 ||   120
 Stab: Distracted        |       |     2 |       |     7 |    20 |    19 |    38 |    40 |    21 ||   147
       Sleeping          |       |       |     1 |     1 |     5 |     2 |     6 |     7 |     1 ||    23
       Confused          |       |       |     1 |     8 |    15 |     2 |       |       |       ||    26
       Paralysed         |       |       |     1 |       |       |       |       |       |       ||     1
       Petrifying        |       |       |       |     1 |       |       |       |       |       ||     1
       Invisible         |       |       |       |       |     1 |       |       |       |       ||     1
Armor: Robe              |    13 |    70 |    75 |    60 |    93 |       |       |       |       ||   311
       Animal skin       |       |       |       |     3 |     6 |       |       |       |       ||     9
       Acid dragon scale |       |       |       |       |    59 |   245 |       |       |       ||   304
       Troll leather arm |       |       |       |       |       |    73 |   406 |   478 |   303 ||  1260
Dodge: Dodged            |    34 |   162 |   177 |   321 |   598 |   527 |   723 |   873 |   605 ||  4020
Block: Other             |       |       |    25 |    59 |     1 |       |       |       |       ||    85
       Reflection        |       |       |       |     7 |    14 |    46 |    49 |    53 |     2 ||   171
       Buckler           |       |       |       |       |   338 |   397 |   631 |   533 |   280 ||  2179
